 Dungeon Crawl Stone Soup version 0.30-a0-883-g5ad918d77d (webtiles) character file.

Game seed: 255221632428888828

67 domi the Conjurer (level 4, 30/30 HPs)
             Began as a Demonspawn Conjurer on Mar 18, 2023.
             Got out of the dungeon alive.
             The game lasted 00:03:10 (2292 turns).

domi the Conjurer (Demonspawn Conjurer)             Turns: 2292, Time: 00:03:10

Health: 30/30      AC:  3    Str:  7    XL:     4   Next: 0%
Magic:  7/7        EV: 12    Int: 21    God:
Gold:   80         SH:  0    Dex: 12    Spells: 4/7 levels left

rFire   . . .      SeeInvis .    (no weapon)
rCold   . . .      Faith    .    (no shield)
rNeg    . . .      Spirit   .    a - +0 robe
rPois   .          Reflect  .    (no helmet)
rElec   .          Rampage  .    (no cloak)
rCorr   .                        (no gloves)
Will    .....                    (no boots)
Stlth   ++                       (no amulet)
HPRegen 0.25/turn                (no ring)
MPRegen 0.10/turn                (no ring)

@: no status effects
A: powered by pain 1, sharp scales 1, weakness stinger 1
a: no special abilities


You escaped.
You visited 1 branch of the dungeon, and saw 3 of its levels.

You collected 80 gold pieces.

Inventory:

Armour
 a - a +0 robe (worn)
 d - a +0 pair of boots
   (You found it on level 1 of the Dungeon)
Jewellery
 i - an amulet of regeneration {+regen, !d}
   (You found it on level 2 of the Dungeon)
Scrolls
 f - a scroll of silence {unknown}
 g - a scroll of enchant weapon {unknown}
 h - 2 scrolls of identify {unknown}
Potions
 b - a potion of magic
 c - a potion of brilliance {unknown}
 e - a potion of ambrosia {unknown}
 j - a potion of flight {unknown}


   Skills:
 - Level 1.7 Dodging
 - Level 1.7 Stealth
 - Level 2.0 Spellcasting
 + Level 5.6 Conjurations


You had 4 spell levels left.
You knew the following spells:

 Your Spells              Type           Power      Damage    Failure   Level
x - Searing Ray           Conj           50%        2d6       2%          2
z - Magic Dart            Conj           100%       1d8       1%          1

Your spell library contained the following spells:

 Spells                   Type           Power      Damage    Failure   Level
 Beastly Appendage        Tmut           4%         N/A       14%         1
 Summon Small Mammal      Summ           8%         N/A       14%         1
 Dazzling Flash           Conj/Hex       26%        N/A       14%         3
 Wereblood                Tmut           2%         N/A       22%         2
 Call Canine Familiar     Summ           2%         N/A       41%         3
 Gell's Gravitas          Tloc           2%         N/A       41%         3
 Spider Form              Tmut/Pois      2%         N/A       41%         3
 Summon Guardian Golem    Hex/Summ       2%         N/A       41%         3
 Teleport Other           Tloc           2%         N/A       41%         3
 Fulminant Prism          Conj/Hex       6%         3d7       43%         4
 Iskenderun's Mystic Bla  Conj/Tloc      13%        2d5       43%         4
 Dispersal                Tloc           1%         N/A       100%        6


Dungeon Overview and Level Annotations

Branches:
Dungeon (3/15)

Altars:
Trog

Shops:
D:1 *


Innate Abilities, Weirdness & Mutations

You sometimes gain a little power by taking damage.
You are partially covered in razor-sharp scales. (AC +1, Slay +1)
You have a small tail.


Message History

The magic dart hits the worm.
The worm bites you!
Aim: a worm (almost dead, 100% to hit)
The magic dart hits the worm.
You kill the worm!
You don't have enough magic to cast this spell.
h - 2 scrolls labelled IMYAVEM VAORPH (gained 1)
A dart slug comes into view.
A dart slug is nearby!
A dart slug is nearby!
A dart slug is nearby!
Aim: a dart slug (asleep, 100% to hit)
The magic dart hits the dart slug.
Aim: a dart slug (heavily wounded, 100% to hit)
The magic dart hits the dart slug.
The dart slug launches a dart at you. The slug dart hits you.
Aim: a dart slug (almost dead, 100% to hit)
The magic dart hits the dart slug!
You kill the dart slug!
You can't see any susceptible monsters within range! (Use Z to cast anyway.)
You can't see any susceptible monsters within range! (Use Z to cast anyway.)
There is an escape hatch in the floor here.
Found a bloodstained altar of Trog.
Found a stone staircase leading down.
You see here a +0 chain mail.
A rat comes into view.
Aim: a rat (asleep, 100% to hit)
The magic dart hits the rat.
You kill the rat!
You can't see any susceptible monsters within range! (Use Z to cast anyway.)
You can't see any susceptible monsters within range! (Use Z to cast anyway.)
You see here a rat corpse.
Found a stone staircase leading down.
There is a stone staircase leading down here.
j - a lumpy coppery potion A worm comes into view.
Aim: a worm (wandering, hasn't noticed you, 100% to hit)
The magic dart hits the worm.
Aim: a worm (100% to hit)
The magic dart hits the worm!
Aim: a worm (heavily wounded, 100% to hit)
The magic dart hits the worm.
Aim: a worm (severely wounded, 100% to hit)
The magic dart hits the worm.
You kill the worm!
You can't see any susceptible monsters within range! (Use Z to cast anyway.)
You can't see any susceptible monsters within range! (Use Z to cast anyway.)
Things that are here:
5 stones; a +0 whip
There is a stone staircase leading up here.
There is a stone staircase leading up here.
There is a stone staircase leading down here.
Found a stone staircase leading up.
Found an escape hatch in the ceiling.
There is an escape hatch in the ceiling here.
There is a stone staircase leading up here.
You see here a +0 robe.
You now have 52 gold pieces (gained 12).
Done exploring.
Done exploring.
Done exploring.
Done exploring.
(D) Dungeon
Where to? (Enter - D:2, ? - help)
There is a stone staircase leading down here.
You climb downwards.
Found 11 gold pieces.
Found a stone staircase leading down.
There is a stone staircase leading up here.
Okay, then.
Okay, then.
You now have 63 gold pieces (gained 11).
You now have 70 gold pieces (gained 7).
Found a glowing golden altar of the Shining One.
You now have 80 gold pieces (gained 10).
Found a stone staircase leading up.
A hobgoblin comes into view.
A hobgoblin is nearby!
Aim: a hobgoblin (asleep, 100% to hit)
The magic dart hits the hobgoblin.
The hobgoblin shouts!
Aim: a hobgoblin (moderately wounded, 100% to hit)
The magic dart hits the hobgoblin.
Aim: a hobgoblin (severely wounded, 100% to hit)
The magic dart hits the hobgoblin!
You kill the hobgoblin!
You have reached level 4!
You feel agile.
Your demonic ancestry asserts itself...
You feel energised by your suffering.
(D) Dungeon
Where to? (Enter - D:3, ? - help)
What level of the Dungeon? (default 1, ? - help)
There is a stone staircase leading up here.
You climb upwards.
There is a stone staircase leading down here.
There is a stone staircase leading up here.
You climb upwards.
There is a stone staircase leading down here.
There is a staircase leading out of the dungeon here.
Are you sure you want to leave the Dungeon?
This will make you lose the game!
You have escaped!

# ♣♣♣♣♣♣♣♣♣♣♣ #
♣>♣.♣♣.♣♣@♣
####
♣........♣♣ ♣#
...#
♣.........♣ ♣≈#
.#.#
♣♣.....♣..♣♣≈≈#
.#.#
♣..♣..♣♣..♣≈≈≈#
.#.#
♣.♣.......~≈≈♣
.#.#
♣♣♣......≈≈≈≈♣
.#.#
♣♣..~≈~~~≈≈≈♣♣
...#
♣♣♣~≈~~≈≈≈≈≈≈♣♣


There were no monsters in sight!

Vanquished Creatures
  An adder (D:2)
  2 worms (D:2)
  5 dart slugs
  3 endoplasms
  5 giant cockroaches
  2 goblins
  4 hobgoblins
  2 quokkas
  2 ball pythons (D:1)
  5 bats
  2 frilled lizards (D:1)
  7 kobolds
  5 rats
45 creatures vanquished.

Notes
Turn   | Place    | Note
-------+----------+-------------------------------------------
     0 | D:1      | domi the Demonspawn Conjurer began the quest for the Orb.
     0 | D:1      | Reached XP level 1. HP: 13/13 MP: 3/3
   364 | D:1      | Gained mutation: You are partially covered in razor-sharp
                  | scales. (AC +1, Slay +1) [demonic ancestry]
   364 | D:1      | Reached XP level 2. HP: 19/19 MP: 3/5
   611 | D:1      | Found Mizafor's Assorted Antiques.
  1067 | D:2      | Reached skill level 5 in Conjurations
  1095 | D:2      | Gained mutation: You have a small tail. [demonic ancestry]
  1095 | D:2      | Reached XP level 3. HP: 24/24 MP: 0/6
  1193 | D:2      | Learned a level 2 spell: Searing Ray
  1789 | D:2      | Found a bloodstained altar of Trog.
  2236 | D:3      | Gained mutation: You sometimes gain a little power by
                  | taking damage. [demonic ancestry]
  2236 | D:3      | Reached XP level 4. HP: 30/30 MP: 3/7
  2292 | D:$      | Got out of the dungeon alive.

Illustrated notes

Levels and vault maps discovered:
D:1:      lemuel_arrival_river_ford, layout_basic, serial_shops,
          nicolae_shop_temple_entry_statues_fountains, minmay_tromino_v4_c
D:2:      layout_loops_ring, basic_altar, chequers_serial_rivers_micro_c
D:3:      layout_basic, overflow_temple_1_default,
          mainiacjoe_overflow_six_doors_small, tso_metal_star,
          basic_ecumenical_altar, uniq_natasha

Skill      XL: |  1  2 |
---------------+-------+-----
Conjurations   | 5 |  5.6
Dodging        | |  1.7
Stealth        | |  1.7
Spellcasting   | |  2.0

Action                     |  1- 3 |  4- 6 || total
---------------------------+-------+-------++-------
  Melee: Unarmed           |     3 |       ||     3
   Cast: Magic Dart        |    97 |       ||    97
 Armour: Robe              |     2 |       ||     2
  Dodge: Dodged            |     7 |       ||     7

Table legend: (Time is in decaauts)
 A = Elapsed time spent in this place.
 B = Non-inter-level travel time spent in this place.
 C = Inter-level travel time spent in this place.
 D = Time resting spent in this place.
 E = Time spent auto-exploring this place.
 F = Levels seen in this place.
 G = Mean time per level.
                   A        B        C        D        E       F      G
               +--------+--------+--------+--------+--------+-----+--------+
         Total |   2298 |   2207 |     91 |    146 |   1820 |   3 |  766.0 |
       Dungeon |   2298 |   2207 |     91 |    146 |   1820 |   3 |  766.0 |
               +--------+--------+--------+--------+--------+-----+--------+

Top non-repeatable levels by time:
     D:2: 1154 daAuts
     D:1: 1069 daAuts
     D:3: 73 daAuts

Table legend:
 A = Kills in this place as a percentage of kills in the entire game.
 B = Kills by you in this place as a percentage of kills by you in the entire game.
 C = Kills by friends in this place as a percentage of kills by friends in the entire game.
 D = Other kills in this place as a percentage of other kills in the entire game.
 E = Experience gained in this place as a percentage of experience gained in the entire game.
 F = Experience gained in this place divided by the number of levels of this place that you have seen.
                   A       B       C       D       E      F
               +-------+-------+-------+-------+-------+----------------------
         Total | 100.0 | 100.0 |   N/A |   N/A | 100.0 |  32.3
       Dungeon | 100.0 | 100.0 |   N/A |   N/A | 100.0 |  32.3
               +-------+-------+-------+-------+-------+----------------------
